Map: Acid Plant LE

Players

SortOf - Winner!

  • Race: Zerg Zerg
  • Spawn Location: 5:00

Miharu

  • Race: Zerg Zerg
  • Spawn Location: 11:00

Event: WCS Austin 2018

VOD

Have the link to the VOD?

Description

Time

  • Played on: June 1, 2018, 2:21 p.m.
  • Length: 5:38

All games in this series

Show
View Real Time Build Order
Export as new Build Order

SortOf Zerg - Winner!

Build Orders: Hatch First 

Get SALT Encoding   

  12  0:01  Drone  
  13  0:12  Overlord  
  13  0:16  Drone  
  14  0:30  Drone  
  14  0:31  Drone  
  16  0:48  Hatchery  
  15  0:51  Drone  
  15  0:54  Drone  
  17  0:58  Drone  
  18  1:08  Extractor  
  17  1:14  Spawning Pool  
  17  1:17  Drone  
  17  1:21  Drone  
  18  1:28  Drone  
  19  1:38  Drone  
  20  1:49  Overlord  
  20  2:00  Queen x2  
  24  2:09  Drone x2  
  24  2:11  Drone x2  
  24  2:12  Metabolic Boost  
  28  2:22  Drone x2  
  30  2:33  Drone  
  31  2:39  Hatchery  
  30  2:46  Overlord  
  30  2:47  Zergling x4  
  32  2:55  Zergling x4  
  32  2:57  Roach Warren  
  33  3:05  Drone  
  33  3:07  Drone  
  33  3:08  Drone x2  
  33  3:10  Zergling x2  
  33  3:11  Zergling x2  
  39  3:17  Overlord  
  39  3:21  Zergling x6  
  42  3:31  Zergling x4  
  44  3:43  Zergling x16  
  52  3:54  Zergling x6  
  53  3:56  Queen  
  55  4:07  Zergling x6  
  53  4:18  Zergling x6  
  58  4:24  Roach  
  58  4:25  Overlord x2  
  57  4:32  Overlord  
  53  4:39  Roach x2  
  53  4:42  Roach  
  53  4:44  Roach x4  
  53  4:45  Roach  
  66  4:50  Roach  
  66  4:52  Roach  
  68  4:54  Roach  
  68  4:58  Roach  
  68  5:00  Roach  
  68  5:03  Roach  
  72  5:08  Roach  
  72  5:12  Overlord  
  74  5:16  Zergling x6  
  74  5:20  Zergling x4  
Show
View Real Time Build Order
Export as new Build Order

Miharu Zerg 

Build Orders: Hatch First 

Get SALT Encoding   

  12  0:05  Drone  
  13  0:12  Overlord  
  13  0:17  Drone  
  14  0:30  Drone  
  14  0:31  Drone  
  16  0:38  Drone  
  17  0:52  Hatchery  
  17  0:55  Drone  
  17  0:59  Drone  
  18  1:09  Extractor  
  17  1:14  Spawning Pool  
  17  1:17  Drone  
  17  1:21  Drone  
  18  1:31  Drone  
  19  1:42  Overlord  
  19  1:53  Drone  
  20  2:03  Queen, Zergling x2  
  20  2:05  Queen  
  20  2:06  Drone  
  26  2:15  Drone, Metabolic Boost  
  27  2:17  Drone  
  28  2:25  Drone  
  28  2:26  Drone  
  30  2:35  Baneling Nest  
  29  2:40  Queen  
  31  2:46  Queen  
  31  2:48  Overlord  
  33  2:53  Drone x2  
  33  2:54  Drone  
  36  3:02  Overlord  
  36  3:09  Zergling x4  
  36  3:10  Zergling x2  
  36  3:11  Zergling x2  
  36  3:12  Zergling x2  
  41  3:22  Zergling x6  
  44  3:32  Hatchery  
  43  3:35  Baneling x3  
  43  3:36  Baneling  
  43  3:40  Drone  
  43  3:41  Drone  
  44  3:43  Drone  
  44  3:45  Drone  
  45  4:08  Overlord x3  
  44  4:16  Baneling x2  
  43  4:17  Overlord  
  43  4:18  Overlord  
  43  4:24  Zergling x2  
  43  4:29  Drone  
  43  4:30  Roach Warren  
  40  4:32  Zergling x10  
  40  4:33  Zergling x2  
  44  4:47  Zergling x4  
  44  4:51  Zergling x2  
  34  4:54  Zergling x2  
  27  5:00  Zergling x2  
  27  5:01  Zergling x6  
  29  5:10  Zergling x2  
  29  5:13  Zergling x2  
  26  5:14  Baneling x2  
Tags
 
Add a new tag
Caveats
  • Supply blocks, unpowered buildings, or Contaminate may cause inaccurate times.
  • Supply counts are checked every 10 seconds.